 Dungeon Crawl Stone Soup version 0.17.0-27-g4a3f43e (webtiles) character file.

262830 septik the Warrior (level 20, -5/139 HPs)
             Began as a Gargoyle Fighter on Nov 20, 2015.
             Was the Champion of Okawaru.
             Killed by nerve-wracking pain
             ... invoked by an orc priest
              (11 damage)
             ... on level 4 of the Orcish Mines on Nov 21, 2015.
             The game lasted 01:59:34 (36411 turns).

septik the Warrior (Gargoyle Fighter)              Turns: 36411, Time: 01:59:35

Health: -5/139     AC: 56    Str: 25    XL:     20   Next: 0%
Magic:  0/28       EV: 13    Int: 24    God:    Okawaru [******]
Gold:   3228       SH:  6    Dex: 10    Spells: 0 memorised, 19 levels left

rFire  . . .     SeeInvis .     g - +2 eveningstar (freeze)
rCold  + . .     Clarity  .     r - +3 crystal plate armour of Abstinence {*Drain rElec rPois rF+}
rNeg   + . .     SustAt   .     M - +0 buckler
rPois  ∞         Gourm    .     i - +1 helmet {Int+3}
rElec  +         Spirit   +     m - +1 cloak
rCorr  .         Warding  .     P - +0 pair of gloves
rMut   .         Stasis   .     F - +0 pair of boots
MR     +....                    K - amulet of Omyacug {Spirit rPois rF- Int+9}
Stlth  ..........               x - ring of wizardry
                                N - ring of protection from cold

@: heroism, flying, somewhat resistant to hostile enchantments, extremely
unstealthy
A: big wings, negative energy resistance 1, regeneration 1, electricity
resistance, unbreathing, petrification resistance, rot immunity, AC +15
a: Stop Flying, Heroism, Finesse, Renounce Religion
}: 2/15 runes: serpentine, barnacled


You were on level 4 of the Orcish Mines.
You worshipped Okawaru.
Okawaru was exalted by your worship.
You were not hungry.

You visited 5 branches of the dungeon, and saw 31 of its levels.
You also visited: Volcano.

You collected 3448 gold pieces.
You spent 220 gold pieces at shops.

Inventory:

Hand Weapons
 g - a +2 eveningstar of freezing (weapon)
 L - the +1 eveningstar of the Open Hand {freeze, rF+ Stlth+}
   (Okawaru gifted it to you on level 5 of the Lair of Beasts)

   It has been specially enchanted to freeze those struck by it, causing extra
   injury to most foes and up to half again as much damage against particularly
   susceptible opponents.
   It can also slow down cold-blooded creatures.
   It protects you from fire.
   It makes you more stealthy.
 T - a +3 demon whip of draining
Armour
 i - a +1 helmet of intelligence (worn)
 m - a +1 cloak (worn)
 q - a troll hide
 r - the +3 crystal plate armour of Abstinence (worn) {*Drain rElec rPois rF+}
   (Okawaru gifted it to you on level 1 of the Snake Pit)

   It protects you from fire.
   It insulates you from electricity.
   It protects you from poison.
   It causes draining when unequipped.
 D - the cursed +1 ring mail "Poepheti" {Dex+4, unknown}
   (You found it on level 11 of the Dungeon)

   It affects your dexterity (+4).
   It has a curse placed upon it.
 F - a +0 pair of boots (worn)
 M - a +0 buckler (worn)
 P - a +0 pair of gloves (worn)
Jewellery
 u - an uncursed ring of see invisible
 x - a ring of wizardry (right hand)
 B - an uncursed ring of teleportation
 G - an uncursed amulet of clarity
 H - an uncursed amulet of resist mutation {unknown}
 I - an uncursed amulet of stasis
 K - the amulet of Omyacug (around neck) {Spirit rPois rF- Int+9}
   (You found it on level 4 of the Shoals)

   [amulet of guardian spirit]

   It causes incoming damage to be split between your health and magic.
   It affects your intelligence (+9).
   It makes you vulnerable to fire.
   It protects you from poison.
 N - a ring of protection from cold (left hand)
 S - an uncursed ring of ice
Wands
 f - a wand of cold (13)
 k - a wand of lightning (5)
 E - a wand of digging (14)
Scrolls
 b - a scroll of noise
 e - a scroll of silence
 h - 13 scrolls of remove curse
 j - 5 scrolls of fog
 n - 2 scrolls of immolation
 p - 5 scrolls of identify
 s - 2 scrolls of blinking
 t - 5 scrolls of fear
 v - 8 scrolls of teleportation
 y - 4 scrolls of magic mapping
 U - a scroll of summoning
Potions
 a - a potion of lignification
 d - 3 potions of might
 w - 5 potions of agility
 z - 5 potions of curing
 A - 2 potions of heal wounds
 O - a potion of resistance {unknown}
 Q - 4 potions of berserk rage
 R - 8 potions of haste
 W - 2 potions of invisibility
Books
 C - a book of Summonings

   Spells                             Type                      Level
   a - Recall                         Summoning/Translocation      3
   b - Aura of Abjuration             Summoning                    5
   c - Shadow Creatures               Summoning                    5
   d - Summon Demon                   Summoning                    5
   e - Summon Forest                  Summoning/Translocation      5
   f - Summon Mana Viper              Hexes/Summoning              5
Comestibles
 c - 27 chunks of flesh
 l - 16 meat rations
 J - 2 bread rations
 Y - 11 fruits


   Skills:
 + Level 19.4(24.4) Fighting
 - Level 16.2(21.2) Maces & Flails
 + Level 17.4(22.4) Armour
 + Level 13.7(18.7) Dodging
 - Level 5.7(10.7) Shields
 * Level 11.3 Invocations


You had 19 spell levels left.
You didn't know any spells.

Dungeon Overview and Level Annotations

Branches:
Dungeon (11/15)            Temple (0/1) D:6            Lair (8/8) D:9
 Shoals (4/4) Lair:5        Snake (4/4) Lair:4        Slime (0/6) Lair:8
    Orc (4/4) D:11            Elf (0/3) Orc:3

Altars:
Ashenzari
Gozag
Kikubaaqudgha
Okawaru
Qazlal
Ru
Sif Muna
Vehumet
Yredelemnul
Beogh

Shops:
D:5 [   Orc:2 %   Shoals:4 *

Annotations:
Lair:3 exclusion: oklob plant


Innate Abilities, Weirdness & Mutations

You are resistant to torment.
Your stone body is resilient (AC +15).
You are immune to poison.
Your large and strong wings let you fly indefinitely.
You resist negative energy.
You are resistant to electric shocks.
You can survive without breathing.
You are immune to petrification.
You are immune to rotting.
Your natural rate of healing is unusually fast.


Message History

You see here a pair of embroidered gloves {god gift}.
Unknown command.
You bludgeon the orc warrior!! You freeze the orc warrior.
You kill the orc warrior!
Okawaru accepts your kill.
The orc priest mumbles some strange prayers to Beogh against you.
Something smites you!
* * * LOW HITPOINT WARNING * * *
Unknown command.
Drink which item? (? for menu, Esc to quit)
You feel better.
The orc sorcerer gestures at you while chanting.
The bolt of fire hits the orc priest.
The orc priest resists.
The bolt of fire hits the orc wizard.
The orc wizard dies!
The bolt of fire hits you!
* * * LOW HITPOINT WARNING * * *
The orc priest calls down the wrath of Beogh upon you.
Pain shoots through your body!
You die...

#..)))......##.......##
###).........#....<...##
# #........####........#
####.......# #........##
...)...#....###......##
.......##....#.§.o..##
......###......o.oo##
....#.# ####...##)##
#.#.### ##.§#@## ..###
#5..### #.# #.o## ###
##5## ##o3.# #.oo.#
#o.o.# #...## ###
#...### ##.##


You could see an orc sorcerer and 2 orc priests.

Vanquished Creatures
  Mara (Snake:3)
  Gastronok (Lair:3)
  Frances (Shoals:2)
  Kirke (Lair:8)
  9 greater nagas
  Ilsuiw (Shoals:3)
  Donald (Shoals:3)
  Aizul (Snake:3)
  An orc warlord (Orc:3)
  7 merfolk javelineers
  11 merfolk impalers
  Fannar (D:11)
  Erolcha (Orc:1)
  10 naga warriors
  5 hydras
  3 merfolk avatars
  A catoblepas (Lair:5)
  21 anacondas
  9 merfolk aquamancers
  6 alligator snapping turtles
  2 satyrs
  17 death yaks
  9 shock serpents
  5 naga sharpshooters
  2 orc high priests (Orc:4)
  4 salamander mystics
  35 sea snakes
  A lindwurm (Volcano)
  15 naga ritualists
  13 harpies
  6 water nymphs
  5 orc knights
  An ugly thing (D:11)
  3 hill giants
  20 mana vipers
  9 griffons
  13 salamanders
  2 orc sorcerers (Orc:4)
  17 manticores
  19 fauns
  10 cyclopes
  29 naga magi
  Maurice (Orc:4)
  14 elephants
  22 spiny frogs
  11 sirens
  9 guardian serpents
  54 black mambas
  3 molten gargoyles (Volcano)
  A gargoyle (Volcano)
  6 komodo dragons
  A tengu conjurer (D:11)
  5 fire drakes
  7 trolls
  A spriggan druid (Lair:8)
  12 polar bears
  34 merfolk
  A queen bee (D:8)
  2 wind drakes
  14 snapping turtles
  7 water elementals
  5 redbacks (Lair:8)
  15 blink frogs
  2 fire elementals (Volcano)
  4 wyverns
  10 spriggans (Lair:8)
  32 yaks
  A deep elf mage (D:9)
  3 basilisks
  36 wolves
  19 hippogriffs
  A hungry ghost (D:11)
  2 steam dragons
  3 wargs
  Menkaure (D:7)
  A hog (Lair:8)
  4 vampire mosquitoes (D:11)
  64 nagas
  15 water moccasins
  10 porcupines
  6 black bears
  The ghost of bollicks1999 the Shield-Bearer, an amateur MiFi (D:4)
  A phantom (D:11)
  15 ogres
  2 eyes of draining
  26 orc warriors
  An ice beast (D:8)
  A sky beast (D:7)
  4 wasps
  18 crocodiles
  5 centaurs
  26 giant frogs
  2 wyvern zombies
  3 water moccasin skeletons
  20 killer bees
  2 scorpions
  5 wights (D:7)
  5 electric eels
  6 crimson imps
  A centaur zombie (D:5)
  A giant frog zombie (D:10)
  Crazy Yiuf (D:7)
  A centaur skeleton (D:11)
  20 orc priests
  3 hounds
  2 jellies
  46 orc wizards
  11 iguanas
  A giant frog skeleton (D:6)
  10 worker ants
  A killer bee zombie (D:6)
  23 sheep
  2 hound zombies
  A hound skeleton (D:8)
  3 gnolls (D:6)
  A worker ant zombie (D:6)
  28 river rats
  11 adders
  A shadow imp (D:5)
  An adder zombie (D:8)
  2 worms (D:2)
  9 giant geckos
  188 orcs
  3 ball pythons
  6 hobgoblins
  14 jackals
  6 quokkas
  9 bats
  6 giant cockroaches
  8 giant newts
  8 goblins
  9 kobolds
  A quokka skeleton (D:7)
  10 rats
  A bush (Lair:2)
  4 fire vortices (Volcano)
  3 fungi (Lair:2)
  4 plants
1371 creatures vanquished.

Vanquished Creatures (collateral kills)
  A water moccasin (Lair:1)
1 creature vanquished.

Vanquished Creatures (others)
  5 humans (Lair:8)
  2 nagas
  An orc priest (Orc:4)
  An orc wizard (Orc:4)
  An orc (D:11)
  A bush (Lair:5)
  2 fire vortices (Volcano)
  50 fungi
  45 plants
108 creatures vanquished.

Grand Total: 1480 creatures vanquished

Notes
Turn   | Place    | Note
--------------------------------------------------------------
     0 | D:1      | septik the Gargoyle Fighter began the quest for the Orb.
     0 | D:1      | Reached XP level 1. HP: 14/14 MP: 1/1
   193 | D:1      | Reached XP level 2. HP: 19/19 MP: 2/2
   834 | D:1      | Reached skill level 1 in Dodging
   837 | D:1      | Reached XP level 3. HP: 19/23 MP: 3/3
  1179 | D:2      | Reached XP level 4. HP: 25/29 MP: 4/4
  1210 | D:2      | Reached skill level 4 in Fighting
  1435 | D:2      | Found a basalt altar of Yredelemnul.
  1435 | D:2      | Found a deep blue altar of Sif Muna.
  1435 | D:2      | Found a sacrificial altar of Ru.
  1435 | D:2      | Found a stormy altar of Qazlal.
  1446 | D:2      | Found an ancient bone altar of Kikubaaqudgha.
  1446 | D:2      | Found an iron altar of Okawaru.
  1455 | D:2      | Became a worshipper of Warmaster Okawaru
  1700 | D:3      | Reached XP level 5. HP: 22/33 MP: 5/5
  1967 | D:3      | Found an opulent altar of Gozag.
  2659 | D:4      | Reached XP level 6. HP: 30/39 MP: 6/6
  3005 | D:4      | Noticed bollicks1999's ghost (amateur MiFi)
  3093 | D:4      | Killed bollicks1999's ghost
  3093 | D:4      | Reached * piety under Okawaru
  3171 | D:4      | Reached skill level 5 in Armour
  3273 | D:5      | Entered Level 5 of the Dungeon
  3309 | D:5      | Found a shattered altar of Ashenzari.
  3519 | D:5      | Reached XP level 7. HP: 36/44 MP: 7/7
  3529 | D:5      | Reached skill level 5 in Fighting
  3572 | D:5      | Found Geor's Armour Shoppe.
  4162 | D:5      | Reached ** piety under Okawaru
  4545 | D:6      | Found a staircase to the Ecumenical Temple.
  4586 | D:6      | Reached XP level 8. HP: 44/51 MP: 8/8
  4636 | D:6      | Reached skill level 6 in Armour
  5124 | D:7      | Reached skill level 5 in Maces & Flails
  5203 | D:7      | Reached *** piety under Okawaru
  5203 | D:7      | Reached skill level 5 in Shields
  5321 | D:7      | Received a gift from Okawaru
  5400 | D:7      | Reached XP level 9. HP: 56/56 MP: 9/9
  5446 | D:7      | Noticed Menkaure
  5449 | D:7      | Killed Menkaure
  5508 | D:7      | Noticed Crazy Yiuf
  5512 | D:7      | Killed Crazy Yiuf
  5662 | D:7      | Reached skill level 7 in Armour
  6234 | D:8      | Found an iron altar of Okawaru.
  6353 | D:8      | Reached **** piety under Okawaru
  6381 | D:8      | Reached skill level 5 in Dodging
  6393 | D:8      | Reached skill level 8 in Armour
  6411 | D:8      | Reached XP level 10. HP: 26/64 MP: 8/10
  7957 | D:9      | Found a staircase to the Lair.
  7962 | D:9      | Found a radiant altar of Vehumet.
  8020 | Lair:1   | Entered Level 1 of the Lair of Beasts
  8024 | D:9      | Reached ***** piety under Okawaru
  8229 | D:9      | Reached skill level 9 in Armour
  8234 | D:9      | Received a gift from Okawaru
  8594 | Lair:1   | HP: 1/66 [spiny frog (11)]
  8599 | Lair:1   | Reached XP level 11. HP: 13/71 MP: 8/11
  9239 | Lair:1   | Reached skill level 10 in Armour
  9927 | Lair:2   | Reached skill level 10 in Fighting
 10659 | Lair:2   | Reached skill level 10 in Maces & Flails
 10845 | Lair:2   | Reached XP level 12. HP: 58/78 MP: 12/12
 11117 | Lair:3   | Received a gift from Okawaru
 11656 | Lair:3   | Noticed Gastronok
 11679 | Lair:3   | Killed Gastronok
 11679 | Lair:3   | Reached skill level 11 in Armour
 12335 | Lair:4   | Noticed a six-headed hydra
 12347 | Lair:4   | Killed a six-headed hydra
 12690 | Lair:4   | Found a staircase to the Snake Pit.
 12701 | Lair:4   | Noticed a seven-headed hydra
 12733 | Lair:4   | Killed a seven-headed hydra
 12954 | Lair:5   | Noticed a catoblepas
 12973 | Lair:5   | Killed a catoblepas
 12973 | Lair:5   | Received a gift from Okawaru
 12974 | Lair:5   | Got a warped eveningstar {god gift}
 12975 | Lair:5   | Identified the +1 eveningstar of the Open Hand {freeze, rF+ Stlth+} (Okawaru gifted it to you on level 5 of the Lair of Beasts)
 13026 | Lair:5   | Noticed a death yak
 13052 | Lair:5   | Killed a death yak
 13324 | Lair:5   | Reached XP level 13. HP: 54/84 MP: 13/13
 13493 | Lair:5   | Found a staircase to the Shoals.
 13544 | Lair:5   | Reached skill level 12 in Maces & Flails
 13731 | Lair:5   | Noticed a six-headed hydra
 13737 | Lair:5   | Killed a six-headed hydra
 14136 | Lair:5   | Received a gift from Okawaru
 14262 | Lair:6   | Reached skill level 13 in Maces & Flails
 14390 | Lair:6   | Reached ****** piety under Okawaru
 14435 | Lair:6   | Received a gift from Okawaru
 15236 | Lair:7   | Reached skill level 14 in Maces & Flails
 15434 | Lair:7   | Gained mutation: Your large and strong wings let you fly indefinitely. [Gargoyle growth]
 15434 | Lair:7   | Reached XP level 14. HP: 65/94 MP: 12/14
 15974 | Lair:8   | Entered Level 8 of the Lair of Beasts
 16042 | Lair:8   | Received a gift from Okawaru
 16051 | Lair:8   | Reached skill level 15 in Maces & Flails
 16225 | Lair:8   | Received a gift from Okawaru
 16232 | Lair:8   | Got a crude dire flail {god gift}
 17342 | Lair:8   | Received a gift from Okawaru
 17359 | Lair:8   | Got a brightly glowing war axe
 17360 | Lair:8   | Identified the +10 war axe "Daaw" {freeze, *Contam Str+6} (You found it on level 8 of the Lair of Beasts)
 17385 | Lair:8   | Noticed Kirke
 17452 | Lair:8   | Killed Kirke
 17452 | Lair:8   | Reached skill level 16 in Maces & Flails
 17732 | Lair:8   | Found a staircase to the Slime Pits.
 17789 | Lair:8   | Reached XP level 15. HP: 93/101 MP: 15/15
 18464 | Lair:2   | Identified the +6 dire flail of the Sky {crush, rN+ Dex+3} (Okawaru gifted it to you on level 8 of the Lair of Beasts)
 18486 | Lair:2   | Gained mutation: Your natural rate of healing is unusually fast. [potion of beneficial mutation]
 18493 | Lair:2   | Upgraded the game from 0.17.0-26-gececa24 to 0.17.0-27-g4a3f43e
 18662 | Snake:1  | Entered Level 1 of the Snake Pit
 19012 | Snake:1  | Reached skill level 15 in Fighting
 19129 | Snake:1  | Received a gift from Okawaru
 19134 | Snake:1  | Got a pitted crystal plate armour {god gift}
 19160 | Snake:1  | Identified the +3 crystal plate armour of Abstinence {*Drain rElec rPois rF+} (Okawaru gifted it to you on level 1 of the Snake Pit)
 19238 | Snake:1  | Identified The Arcane Secrets of Spellcraft
 20382 | Snake:2  | Reached skill level 10 in Dodging
 20402 | Snake:2  | Reached XP level 16. HP: 63/109 MP: 16/16
 20591 | Snake:2  | Found a shattered altar of Ashenzari.
 20624 | Snake:2  | Received a gift from Okawaru
 21447 | Snake:3  | Noticed Aizul
 21499 | Snake:3  | Killed Aizul
 21499 | Snake:3  | Received a gift from Okawaru
 22180 | Snake:3  | Found a radiant altar of Vehumet.
 22297 | Snake:3  | Noticed Mara
 22305 | Snake:3  | Noticed septik's illusion
 22340 | Snake:3  | Killed Mara
 22340 | Snake:3  | Received a gift from Okawaru
 22340 | Snake:3  | Reached skill level 17 in Fighting
 22340 | Snake:3  | Reached XP level 17. HP: 53/117 MP: 17/17
 22856 | Snake:4  | Entered Level 4 of the Snake Pit
 22864 | Snake:4  | Found an ancient bone altar of Kikubaaqudgha.
 22903 | Snake:4  | Reached skill level 15 in Armour
 23195 | Snake:4  | Received a gift from Okawaru
 23676 | Snake:4  | Reached skill level 18 in Fighting
 23722 | Snake:4  | Received a gift from Okawaru
 23927 | Snake:4  | Reached XP level 18. HP: 35/125 MP: 15/18
 24483 | Snake:4  | Got a serpentine rune of Zot
 24959 | Shoals:1 | Entered Level 1 of the Shoals
 25207 | Shoals:1 | Reached skill level 1 in Invocations
 26185 | Shoals:2 | Noticed Frances
 26207 | Shoals:2 | Killed Frances
 26600 | Shoals:2 | Received a gift from Okawaru
 26600 | Shoals:2 | Reached skill level 5 in Invocations
 27309 | Shoals:3 | Noticed Ilsuiw
 27315 | Shoals:3 | Received a gift from Okawaru
 27440 | Shoals:3 | Killed Ilsuiw
 27814 | Shoals:3 | HP: 4/126 [alligator snapping turtle (8)]
 28278 | Shoals:3 | Received a gift from Okawaru
 28309 | Shoals:3 | Noticed Donald
 28325 | Shoals:3 | Killed Donald
 28457 | Shoals:3 | Reached XP level 19. HP: 132/132 MP: 24/24
 28706 | Shoals:3 | Got a faintly glowing chain mail
 28985 | Shoals:4 | Entered Level 4 of the Shoals
 29307 | Shoals:4 | Received a gift from Okawaru
 29461 | Shoals:4 | Reached skill level 19 in Fighting
 29523 | Shoals:4 | Got a barnacled rune of Zot
 29793 | Shoals:4 | Found Uzyl's General Store.
 29817 | Shoals:4 | Bought a box of beasts for 220 gold pieces
 30068 | Shoals:4 | Got a wavering jade amulet
 30070 | Shoals:4 | Identified the amulet of Omyacug {Spirit rPois rF- Int+9} (You found it on level 4 of the Shoals)
 30229 | Shoals:4 | Reached skill level 10 in Invocations
 30468 | Shoals:4 | Received a gift from Okawaru
 31034 | Lair:2   | Identified the +0 chain mail of Lies {+Blink} (You found it on level 3 of the Shoals)
 31229 | D:10     | Entered Level 10 of the Dungeon
 32568 | D:11     | Got a smoking ring mail
 32739 | D:11     | Found a staircase to the Orcish Mines.
 32827 | D:11     | Noticed Fannar
 32863 | D:11     | Killed Fannar
 33303 | D:11     | Found a roughly hewn altar of Beogh.
 33360 | Orc:1    | Entered Level 1 of the Orcish Mines
 33398 | Orc:1    | Noticed Erolcha
 33411 | Orc:1    | Killed Erolcha
 33478 | Orc:1    | Found a dark tunnel.
 33484 | Volcano  | Entered a volcano
 34111 | Orc:2    | Found Lit Ong's Food Shoppe.
 34939 | Orc:3    | Found a staircase to the Elven Halls.
 35721 | Orc:4    | Entered Level 4 of the Orcish Mines
 35829 | Orc:4    | Noticed Maurice
 35887 | Orc:4    | Killed Maurice
 36388 | Orc:4    | Received a gift from Okawaru
 36407 | Orc:4    | Reached XP level 20. HP: 21/139 MP: 4/28
 36411 | Orc:4    | HP: 6/139 [orc sorcerer/bolt of fire (9)]
 36411 | Orc:4    | Killed from afar by an orc priest

Action                   |  1- 3 |  4- 6 |  7- 9 | 10-12 | 13-15 | 16-18 | 19-21 || total
-------------------------+-------+-------+-------+-------+-------+-------+-------++-------
Melee: Flail             |   145 |   239 |   418 |   283 |       |       |       ||  1085
       Staff             |       |       |    25 |       |       |       |       ||    25
       Morningstar       |       |       |       |   437 |       |       |       ||   437
       Eveningstar       |       |       |       |    37 |  1093 |  1928 |  1457 ||  4515
       War axe           |       |       |       |       |   241 |       |       ||   241
Invok: Heroism           |       |       |     3 |     7 |    15 |    10 |     6 ||    41
       Finesse           |       |       |       |       |     1 |       |     1 ||     2
 Abil: Fly               |       |       |       |       |       |     1 |       ||     1
  Use: Scroll            |       |       |     6 |    22 |     9 |     5 |     4 ||    46
       Potion            |       |       |       |     2 |     1 |     5 |     2 ||    10
  Eat: Chunk             |     1 |     8 |     9 |    23 |    23 |    17 |    27 ||   108
       Beef jerky        |       |       |       |     1 |       |       |       ||     1
       Meat ration       |       |       |       |       |     1 |     2 |       ||     3
       Fruit             |       |       |       |       |     1 |       |       ||     1
